Construct Section Command Post
Selects Air and Sea Battlegroup
Construct Field Infirmary
Construct Field Infirmary
Construct Platoon Command Post
Selects Commando Section Paradrop
Selects Commando Support Section Paradrop
Commando Support Section Paradrop
6-pounder Anti-tank Gun Team
Unlock Bishop Self-propelled Artillery
Bishop Self-propelled Artillery
6-pounder Anti-tank Gun Team
6-pounder Anti-tank Gun Team